 Dungeon Crawl Stone Soup version 0.30-a0-341-g682706514a (webtiles) character file.

Game seed: 14309132319733113468

142 Asagix the Chopper (level 5, -4/42 HPs)
             Began as a Human Berserker on Nov 5, 2022.
             Was a Believer of Trog.
             Slain by a gnoll
             ... wielding a +0 flail
              (7 damage)
             ... on level 2 of the Dungeon.
             The game lasted 00:04:57 (1659 turns).

Asagix the Chopper (Human Berserker)                Turns: 1659, Time: 00:04:57

Health: -4/42      AC:  4    Str: 23    XL:     5   Next: 49%
Magic:  5/5        EV:  7    Int: 13    God:    Trog [**....]
Gold:   56         SH:  9    Dex:  8    Spells: 4/4 levels left

rFire   . . .      SeeInvis .    c - +3 short sword
rCold   . . .      Faith    .    j - +0 tower shield
rNeg    . . .      Spirit   .    o - +1 robe of the Thirteen Xeniums {Str+3 Int+6 Dex-4 Slay+2}
rPois   .          Reflect  .    (no helmet)
rElec   .          Harm     .    l - +0 cloak
rCorr   .          Rampage  .    (no gloves)
Will    .....                    (no boots)
Stlth   +.........               (no amulet)
HPRegen 0.27/turn                (no ring)
MPRegen 0.09/turn                (no ring)

@: on berserk cooldown, slowed, very slow
A: no striking features
a: Renounce Religion, Berserk, Trog's Hand


You were on level 2 of the Dungeon.
You worshipped Trog.
Trog was pleased with you.
You visited 1 branch of the dungeon, and saw 2 of its levels.

You collected 56 gold pieces.

Inventory:

Hand Weapons
 a - a +0 hand axe
 c - a +3 short sword (weapon)
 m - a +1 flail of protection
Armour
 b - a +0 animal skin
 g - a +0 ring mail
 j - a +0 tower shield (worn)
 l - a +0 cloak (worn)
 o - the +1 robe of the Thirteen Xeniums (worn) {Str+3 Int+6 Dex-4 Slay+2}
   (You found it on level 2 of the Dungeon)

   Str:       It affects your strength (+3).
   Int:       It affects your intelligence (+6).
   Dex:       It affects your dexterity (-4).
   Slay:      It affects your accuracy & damage with ranged weapons and melee
   (+2).
 p - the +1 leather armour of Broken Taboos {rElec Will+ Dex-4}
   (You found it on level 2 of the Dungeon)

   Dex:       It affects your dexterity (-4).
   rElec:     It insulates you from electricity.
   Will:      It increases your willpower.
Magical Staves
 n - a staff of conjuration
Scrolls
 h - a scroll of summoning
Potions
 d - 2 potions of berserk rage {unknown}
 e - a potion of brilliance {unknown}
 f - a potion of curing {unknown}
 i - a potion of cancellation {unknown}
 k - 2 potions of haste {unknown}
 q - a potion of heal wounds {unknown}


   Skills:
 + Level 3.7 Fighting
 + Level 1.9 Short Blades
 + Level 3.7 Axes
 + Level 2.8 Armour
 + Level 2.5 Dodging
 + Level 0.4 Stealth
 + Level 0.4 Shields


You had 4 spell levels left.
You didn't know any spells.
Your spell library was empty.

Dungeon Overview and Level Annotations

Branches:
Dungeon (2/15)

Altars:


Message History

The gnoll hits you from afar with a +0 spear.
A red film seems to cover your vision as you go berserk!
You feel yourself moving faster!
You feel mighty! The gnoll hits you with a +0 club!
You block the gnoll's attack.
You puncture the gnoll!
The gnoll is almost dead.
The gnoll closely misses you. x2
You puncture the gnoll!
You kill the gnoll!
Trog accepts your kill.
The gnoll hits you from afar with a +0 spear.
The gnoll closely misses you.
Things that are here:
a +0 club; a gnoll corpse You barely miss the gnoll.
The gnoll hits you with a +0 spear.
* * * LOW HITPOINT WARNING * * *
You puncture the gnoll!
The gnoll is severely wounded.
You puncture the gnoll!
You kill the gnoll!
Trog accepts your kill.
You barely miss the gnoll. The gnoll hits you with a +0 club.
* * * LOW HITPOINT WARNING * * *
You puncture the gnoll!
You kill the gnoll!
Trog accepts your kill.
You hit the gnoll but do no damage.
You are no longer berserk.
You are exhausted.
You feel yourself slow down. The gnoll hits you with a +0 flail.
* * * LOW HITPOINT WARNING * * *
You barely miss the gnoll. You block the gnoll's attack.
The gnoll hits you with a +0 flail.
* * * LOW HITPOINT WARNING * * *
You hit the gnoll.
The gnoll is heavily wounded.
The gnoll hits you with a +0 flail.
* * * LOW HITPOINT WARNING * * *
The gnoll hits you with a +0 flail!
You die... ###.#..####.#.#. .. ....#......<#.#. ####g #...####.#.#. .... #........#.#. .gg

#...######.#. ..
##...######.#. #.
#.)......##.#.
#.#####........##.#.
#>g@................
#######........##...
#........#####
#........#
#############.####
#.#)#...#.#.#.#
##.#.....#.##.#
#.#..#.#..#.#.#
##..##)##..##.#


You could see a gnoll.

Vanquished Creatures
  8 gnolls
  An adder (D:2)
  2 worms (D:2)
  A dart slug (D:1)
  3 endoplasms (D:2)
  3 giant cockroaches
  8 goblins
  2 hobgoblins (D:1)
  4 jackals (D:1)
  A kobold (D:1)
  A quokka (D:2)
  4 ball pythons
  3 bats
  3 frilled lizards
  4 rats
48 creatures vanquished.

Notes
Turn   | Place    | Note
-------+----------+-------------------------------------------
     0 | D:1      | Asagix the Human Berserker began the quest for the Orb.
     0 | D:1      | Reached XP level 1. HP: 18/18 MP: 1/1
    29 | D:1      | Reached XP level 2. HP: 15/24 MP: 2/2
   360 | D:1      | Reached XP level 3. HP: 10/29 MP: 3/3
  1001 | D:2      | Reached XP level 4. HP: 5/35 MP: 4/4
  1173 | D:2      | Reached skill level 1 in Short Blades
  1311 | D:2      | Reached XP level 5. HP: 37/41 MP: 5/5
  1330 | D:2      | Identified the +1 robe of the Thirteen Xeniums {Str+3 Int+6
                  | Dex-4 Slay+2}
  1416 | D:2      | Identified the +1 leather armour of Broken Taboos {rElec
                  | Will+ Dex-4}
  1572 | D:2      | Reached ** piety under Trog
  1659 | D:2      | Slain by a gnoll

Illustrated notes

Levels and vault maps discovered:
D:1:      spicycebolla_arrival_xxxplode, layout_basic, reono_crystal_passage
D:2:      minmay_diamond_boxcup, layout_basic, ebering_ecumenical_altar_box

Skill      XL: |  1  2  3  4 |
---------------+-------------+-----
Short Blades   | 1 |  1.9
Fighting       | |  3.7
Axes           | |  3.7
Armour         | |  2.8
Dodging        | |  2.5
Stealth        | |  0.4
Shields        | |  0.4

Action                   |  1- 3 |  4- 6 || total
-------------------------+-------+-------++-------
Melee: Hand axe          |    23 |       ||    23
       Short sword       |    52 |    76 ||   128
       Punch             |     1 |       ||     1
Invok: Berserk           |     1 |     2 ||     3
  Use: Scroll            |     2 |     1 ||     3
 Stab: Sleeping          |       |     1 ||     1
Armor: Animal skin       |     4 |       ||     4
       Ring mail         |    21 |     5 ||    26
       Robe              |       |     6 ||     6
Dodge: Dodged            |    38 |    22 ||    60
Block: Tower shield      |    23 |    29 ||    52

Table legend: (Time is in decaauts)
 A = Elapsed time spent in this place.
 B = Non-inter-level travel time spent in this place.
 C = Inter-level travel time spent in this place.
 D = Time resting spent in this place.
 E = Time spent auto-exploring this place.
 F = Levels seen in this place.
 G = Mean time per level.
                   A        B        C        D        E       F      G
               +--------+--------+--------+--------+--------+-----+--------+
         Total |   1711 |   1711 |      0 |    426 |    851 |   2 |  855.5 |
       Dungeon |   1711 |   1711 |      0 |    426 |    851 |   2 |  855.5 |
               +--------+--------+--------+--------+--------+-----+--------+

Top non-repeatable levels by time:
     D:1: 972 daAuts
     D:2: 739 daAuts
